 Dungeon Crawl Stone Soup version 0.21-a0-324-gfc3775b (webtiles) character file.

142 Kofer the Vexing (level 5, 0/24 HPs)
             Began as a Spriggan Enchanter on Oct 1, 2017.
             Succumbed to a worker ant's poison
             ... on level 4 of the Dungeon.
             The game lasted 00:07:41 (3581 turns).

Kofer the Vexing (Spriggan Enchanter)               Turns: 3581, Time: 00:07:41

Health: 0/24       AC:  3    Str:  6    XL:     5   Next: 4%
Magic:  10/13      EV: 16    Int: 19    God:
Gold:   94         SH:  0    Dex: 17    Spells: 2/14 levels left

rFire    . . .     SeeInvis +   a - +1 dagger
rCold    . . .     Gourm    .   (shield restricted)
rNeg     . . .     Faith    .   b - +0 robe
rPois    .         Spirit   .   (helmet restricted)
rElec    .         Reflect  .   f - +0 cloak
rCorr    .         Harm     .   (gloves unavailable)
MR       .....     Rnd*Tele +   (boots unavailable)
Stlth    +++.......             (no amulet)
HPRegen  0.08/turn              e - -2 ring of evasion (curse)
MPRegen  0.13/turn              (no ring)

@: lethally poisoned (0 -> -9), berserk cooldown, slowed, quick
A: unfitting armour, see invisible, clever 1, herbivore 3, speed 3, slow
metabolism 2, strong 1, teleportitis 1
a: no special abilities


You were on level 4 of the Dungeon.
You were full.

You visited 1 branch of the dungeon, and saw 4 of its levels.

You collected 94 gold pieces.

Inventory:

Hand Weapons
 a - a +1 dagger (weapon)
Armour
 b - a +0 robe (worn)
 f - a +0 cloak (worn)
Jewellery
 e - a cursed -2 ring of evasion (left hand)
Wands
 h - a wand of iceblast (4/15)
 m - a wand of random effects (5/48)
Potions
 g - 2 potions of agility
 j - a potion of mutation
 k - a potion of heal wounds {unknown}
 l - a potion of magic {unknown}
Books
 n - a book of Changes

   Spells                             Type                      Level
   a - Beastly Appendage              Transmutation                1
   b - Sticks to Snakes               Transmutation                2
   c - Spider Form                    Transmutation/Poison         3
   d - Ice Form                       Ice/Transmutation            4
   e - Blade Hands                    Transmutation                5
Comestibles
 d - a bread ration


   Skills:
 - Level 1.1 Short Blades
 - Level 3.0 Dodging
 - Level 4.4 Stealth
 + Level 5.1 Spellcasting
 + Level 5.3 Hexes


You had 2 spell levels left.
You knew the following spells:

 Your Spells              Type           Power        Failure   Level  Hunger
a - Ensorcelled Hibernat  Hex/Ice        ###...       6%          2    #......
b - Corona                Hex            ####...      1%          1    None
c - Confuse               Hex            ####....     4%          3    ##.....
d - Tukima's Dance        Hex            ####....     4%          3    ##.....
e - Dazzling Spray        Conj/Hex       ###...       12%         3    ##.....


Dungeon Overview and Level Annotations

Branches:
Dungeon (4/15)
 Temple: D:4-7

Altars:
Fedhas
Qazlal

Annotations:
D:4 Robin


Innate Abilities, Weirdness & Mutations

You are very small and have problems with some larger weapons.
You are too small for most types of armour.
You have supernaturally acute eyesight. (SInv)
You are a herbivore.
You cover ground extremely quickly.
You need consume almost no food.
Your mind is acute. (Int +2)
Your muscles are strong. (Str +2)
You are occasionally teleported next to monsters.


Message History

You puncture the worker ant!
The worker ant is moderately wounded.
* * * LOW HITPOINT WARNING * * *
You feel sick.
You are too berserk!
You feel a strong urge to attack something.
You see here a book of Maledictions.
* * * LOW HITPOINT WARNING * * *
You feel sick.
You feel your anger subside.
You are no longer berserk.
You are exhausted.
You feel yourself slow down.
* * * LOW HITPOINT WARNING * * *
You feel sick.
There is a stone staircase leading up here.
It was a potion of mutation.
You feel extremely strange.
You feel weirdly uncertain.
You feel stronger.
You feel clever.
* * * LOW HITPOINT WARNING * * *
You feel sick.
You die...

####### ....... .......
.......#################
.......+................
.......##.##############
..........##.. ...
#######@####.# ..# #<#
#.##gg #a# #...g #.#
#..# #g####gg# #..[.ggg#
#######.# .# ##


You could see a worker ant and a goblin.

Vanquished Creatures
  Crazy Yiuf (D:2)
  Terence (D:3)
  4 adders
  2 worms
  3 leopard geckos
  An orc (D:3)
  A ball python (D:3)
  5 bats
  3 goblins
  8 hobgoblins
  5 kobolds
  3 frilled lizards (D:1)
  9 rats
46 creatures vanquished.

Notes
Turn   | Place    | Note
-------+----------+-------------------------------------------
     0 | D:1      | Kofer the Spriggan Enchanter began the quest for the Orb.
     0 | D:1      | Reached XP level 1. HP: 9/9 MP: 5/5
   372 | D:2      | Reached XP level 2. HP: 11/13 MP: 7/7
   469 | D:3      | Learned a level 2 spell: Ensorcelled Hibernation
   802 | D:2      | Found a stormy altar of Qazlal.
   824 | D:2      | Reached XP level 3. HP: 16/16 MP: 9/9
   829 | D:2      | Learned a level 3 spell: Confuse
   833 | D:2      | Learned a level 3 spell: Tukima's Dance
   913 | D:2      | Found a runed door.
   917 | D:2      | Noticed Crazy Yiuf
   922 | D:2      | Killed Crazy Yiuf
  1753 | D:1      | Reached XP level 4. HP: 8/21 MP: 6/11
  2153 | D:1      | Reached skill level 5 in Hexes
  2501 | D:3      | Found a blossoming altar of Fedhas.
  2735 | D:3      | Noticed Terence
  2746 | D:3      | Killed Terence
  3297 | D:3      | Reached skill level 5 in Spellcasting
  3297 | D:3      | Reached XP level 5. HP: 24/24 MP: 11/13
  3555 | D:4      | Learned a level 3 spell: Dazzling Spray
  3561 | D:4      | Noticed Robin
  3579 | D:4      | HP: 1/24 [poisoned by a worker ant]
  3580 | D:4      | Gained mutation: You are occasionally teleported next to monsters. [potion of mutation]
  3580 | D:4      | Gained mutation: Your muscles are strong. (Str +2) [potion of mutation]
  3580 | D:4      | Gained mutation: Your mind is acute. (Int +2) [potion of mutation]
  3581 | D:4      | Succumbed to a worker ant's poison

Vault maps used:
D:1:      shiori_arrival_elements
D:2:      lemuel_doored_altar, uniq_crazy_yiuf_cottage
D:3:      grunt_decor_one_mirror, fedhas_altar_2, uniq_terence
D:4:      grunt_temple_overflow_order_and_chaos_2,
          lemuel_zombie_altar_kikubaaqudgha,
          gammafunk_temple_overflow_forgotten, uniq_robin

Skill      XL: |  1  2  3  4 |
---------------+-------------+-----
Spellcasting   | 3 4 5 |  5.1
Hexes          | 4 5 |  5.3
Short Blades   | |  1.1
Dodging        | |  3.0
Stealth        | |  4.4

Action                   |  1- 3 |  4- 6 || total
-------------------------+-------+-------++-------
Melee: Dagger            |    53 |   105 ||   158
 Cast: Corona            |     2 |       ||     2
       Ensorcelled Hiber |     8 |    11 ||    19
       Confuse           |       |     2 ||     2
  Use: Scroll            |     3 |     2 ||     5
       Potion            |       |     2 ||     2
 Stab: Sleeping          |    11 |     9 ||    20
       Confused          |       |     3 ||     3
  Eat: Bread ration      |       |     1 ||     1
Armor: Robe              |     8 |     7 ||    15
Dodge: Dodged            |    56 |    86 ||   142

Table legend:
 A = Spawn XP
 B = Non-spawn XP
 C = Spawn XP percentage of total XP
 D = Spawn monster count
 E = Non-spawn monster count
 F = Spawn count percentage of total count
 G = Total turns spent on level
                    A         B        C        D         E        F      G
               +---------+---------+-------+---------+---------+-------+---------
         Total |       0 |     204 |   0.0 |       0 |      46 |   0.0 |  3581
               +---------+---------+-------+---------+---------+-------+---------
           D:1 |       0 |      30 |   0.0 |       0 |      18 |   0.0 |   643
           D:2 |       0 |      82 |   0.0 |       0 |      10 |   0.0 |  1713
           D:3 |       0 |      90 |   0.0 |       0 |      17 |   0.0 |  1140
           D:4 |       0 |       2 |   0.0 |       0 |       1 |   0.0 |    85
               +---------+---------+-------+---------+---------+-------+---------
